 Dungeon Crawl Stone Soup version 0.29-a0-352-g0917bc69df (webtiles) character file.

Game seed: 8492463379783714130

7072 Dauddaud the Severer (level 10, -6/115 HPs)
             Began as a Minotaur Berserker on Apr 24, 2022.
             Was an Elder of Trog.
             Mangled by a catoblepas (20 damage)
             ... on level 10 of the Dungeon.
             The game lasted 00:18:02 (9484 turns).

Dauddaud the Severer (Minotaur Berserker)           Turns: 9484, Time: 00:18:02

Health: -6/115     AC: 16    Str: 32    XL:     10   Next: 84%
Magic:  9/9        EV:  8    Int:  4    God:    Trog [****..]
Gold:   722        SH:  0    Dex: 10    Spells: 9/9 levels left

rFire   . . .      SeeInvis .   C - +0 battleaxe
rCold   + . .      Faith    .   (shield currently unavailable)
rNeg    . . .      Spirit   .   g - +1 plate armour {rC+}
rPois   .          Reflect  .   (helmet restricted)
rElec   .          Harm     .   (no cloak)
rCorr   .          Rampage  .   v - +0 pair of gloves
Will    ++...                   N - +2 pair of boots
Stlth   ..........              j - amulet of regeneration
HPRegen 2.09/turn               p - +6 ring of strength
MPRegen 0.11/turn               E - +4 ring of slaying

@: berserking, strong-willed, regenerating, slow
A: horns 2, retaliatory headbutt
a: Renounce Religion, Berserk, Trog's Hand, Brothers in Arms


You were on level 10 of the Dungeon.
You worshipped Trog.
Trog was greatly pleased with you.
You visited 1 branch of the dungeon, and saw 10 of its levels.

You collected 722 gold pieces.

Inventory:

Hand Weapons
 a - a +0 hand axe
 C - a +0 battleaxe (weapon)
 H - a +0 war axe
Missiles
 c - a throwing net (quivered)
Armour
 b - a +0 animal skin
 f - a +0 ring mail
 g - a +1 plate armour of cold resistance (worn)
 v - a +0 pair of gloves (worn)
 N - a +2 pair of boots (worn)
Jewellery
 j - an amulet of regeneration (around neck)
 p - a +6 ring of strength (left hand)
 x - the amulet of the Four Winds {rN+ Will+++ Clar}
   (You took it off an orc on level 5 of the Dungeon)

   [amulet of nothing]

   rN:        It protects you from negative energy.
   Clar:      It protects you against confusion.
   Will:      It greatly increases your willpower.
 E - a +4 ring of slaying (right hand)
 P - a ring of protection from cold
Wands
 r - a wand of flame (58)
 D - a wand of polymorph (13)
 M - a wand of iceblast (4)
Scrolls
 e - a scroll of magic mapping
 i - 4 scrolls of fear
 l - 4 scrolls of teleportation
 n - a scroll of amnesia
 o - 4 scrolls of fog
 s - 2 scrolls of enchant armour
 t - 3 scrolls of noise
 u - a scroll of vulnerability
 w - a scroll of enchant weapon
 y - 4 scrolls of blinking
 A - a scroll of holy word
 B - 2 scrolls of acquirement
 G - a scroll of summoning
 J - 4 scrolls of identify
Potions
 d - 7 potions of curing {unknown}
 h - a potion of degeneration {unknown}
 k - a potion of brilliance {unknown}
 m - a potion of heal wounds
 q - a potion of lignification
 z - a potion of attraction {unknown}
 F - a potion of resistance {unknown}
 I - a potion of invisibility {unknown}
 K - a potion of cancellation {unknown}
 O - a potion of mutation {unknown}
Miscellaneous
 L - a box of beasts


   Skills:
 - Level 3.6 Fighting
 * Level 16.7 Axes
 - Level 2.4 Armour
 - Level 2.1 Dodging
 + Level 8.3 Evocations


You had 9 spell levels left.
You didn't know any spells.
Your spell library was empty.

Dungeon Overview and Level Annotations

Branches:
Dungeon (10/15)            Temple (0/1) D:5            Lair (0/6) D:10
    Orc (0/2) D:9

Altars:
Ashenzari
Nemelex Xobeh
Okawaru
Ru
Trog
Uskayaw
Wu Jian
Zin

Shops:
D:8 (


Innate Abilities, Weirdness & Mutations

You have a pair of horns on your head.
You reflexively headbutt those who attack you in melee.


Message History

You slash the catoblepas!
The catoblepas is lightly wounded.
The catoblepas gores you!
Your unstable footing causes you to fumble your attack.
You slash the catoblepas!
The catoblepas is moderately wounded.
The catoblepas gores you.
Your unstable footing causes you to fumble your attack.
The catoblepas barely misses you. You furiously retaliate!
You headbutt the catoblepas!
Your unstable footing causes you to fumble your attack.
The catoblepas gores you!!
Your unstable footing causes you to fumble your attack.
The catoblepas gores you!
A red film seems to cover your vision as you go berserk!
You feel yourself moving faster!
You feel mighty! The catoblepas gores you!!
You hit the catoblepas.
The catoblepas is heavily wounded.
The catoblepas gores you!
* * * LOW HITPOINT WARNING * * *
You hit the catoblepas but do no damage.
The catoblepas is heavily wounded.
Your unstable footing causes you to fumble your attack.
The catoblepas gores you!
* * * LOW HITPOINT WARNING * * *
You completely miss the catoblepas. You headbutt the catoblepas!
The catoblepas is heavily wounded.
You slice the catoblepas!!
The catoblepas is almost dead.
The catoblepas gores you!
* * * LOW HITPOINT WARNING * * *
Your unstable footing causes you to fumble your attack.
The catoblepas breathes a plume of calcifying dust at you.
The blast of calcifying dust hits you but does no damage.
Your unstable footing causes you to fumble your attack.
You are engulfed in calcifying dust.
You slash the catoblepas!
The catoblepas is almost dead.
You are engulfed in calcifying dust.
The catoblepas gores you!!
You die...

#.....#.## ####
#####.....#.## #...#
##...#.(..##.#.
#.$≈≈###≈≈$.###..##...
#.≈..≈.≈..≈.#.......##
# #≈.......≈########.##
...##≈.§≈≈.≈##.## ##.##
#$.....§<≈......#
##..#.
..##≈.@≈≈.≈##..###.....
#≈..Y....≈##.........
#.≈..≈.≈[.≈.##.#..####
#.$≈≈###≈≈$.#..#..#
#...##.##...#.....#
#####[..#######...##
#.....##......#
###...........#
###......###....###


You could see a catoblepas.

Vanquished Creatures
  A two-headed ogre (D:10)
  A manticore (D:10)
  An ugly thing (D:9)
  A komodo dragon (D:10)
  2 trolls
  Grinder (D:3)
  Sigmund (D:4)
  3 wyverns
  2 steam dragons
  Menkaure (D:5)
  Duvessa (D:5)
  3 water moccasins
  3 ice beasts (D:6)
  A sky beast (D:7)
  An orc warrior (D:7)
  2 black bears
  A centaur (D:9)
  3 phantoms
  Blork the orc (D:5)
  2 kobold brigands
  3 bullfrogs
  4 scorpions
  A gnoll sergeant (D:7)
  3 necrophages
  9 wights
  Dowan (D:5)
  9 killer bees
  A howler monkey (D:9)
  3 hounds
  3 gnoll shamans
  4 orc priests
  An iguana (D:4)
  4 orc wizards
  10 gnolls
  14 adders
  A shadow imp (D:7)
  3 white imps
  3 ufetubi (D:6)
  3 worms
  2 dart slugs
  22 orcs
  5 endoplasms
  3 giant cockroaches
  7 goblins
  7 hobgoblins
  17 kobolds
  3 quokkas
  10 ball pythons
  8 bats
  5 frilled lizards
  6 rats
  A butterfly (D:5)
208 creatures vanquished.

Vanquished Creatures (others)
  5 plants (D:8)
  4 toadstools (D:5)
9 creatures vanquished.

Grand Total: 217 creatures vanquished

Notes
Turn   | Place    | Note
-------+----------+-------------------------------------------
     0 | D:1      | Dauddaud the Minotaur Berserker began the quest for the
                  | Orb.
     0 | D:1      | Reached XP level 1. HP: 19/19 MP: 0/0
    33 | D:1      | Reached skill level 4 in Axes
   153 | D:1      | Reached XP level 2. HP: 18/26 MP: 1/1
   635 | D:1      | Reached ** piety under Trog
   636 | D:1      | Reached skill level 5 in Axes
   696 | D:1      | Reached XP level 3. HP: 18/31 MP: 2/2
  1793 | D:2      | Reached XP level 4. HP: 39/39 MP: 3/3
  1965 | D:2      | Found a faded altar of an unknown god.
  2028 | D:3      | Reached skill level 6 in Axes
  2046 | D:3      | Noticed a water moccasin
  2052 | D:3      | Killed a water moccasin
  2053 | D:3      | Reached skill level 7 in Axes
  2053 | D:3      | Reached XP level 5. HP: 44/45 MP: 4/4
  2140 | D:3      | Found a glowing silver altar of Zin.
  2344 | D:3      | Found an ornate altar of the Wu Jian Council.
  2346 | D:3      | Found a sacrificial altar of Ru.
  2429 | D:3      | Reached skill level 8 in Axes
  2429 | D:3      | Reached skill level 1 in Evocations
  2429 | D:3      | Reached XP level 6. HP: 50/51 MP: 5/5
  2547 | D:3      | Found a sparkling altar of Nemelex Xobeh.
  2547 | D:3      | Found a broken altar of Ashenzari.
  2548 | D:3      | Found a hide-covered altar of Uskayaw.
  2691 | D:3      | Reached *** piety under Trog
  2735 | D:3      | Noticed Grinder
  2751 | D:3      | Killed Grinder
  2752 | D:3      | Reached skill level 9 in Axes
  3047 | D:4      | Reached XP level 7. HP: 57/57 MP: 6/6
  3382 | D:4      | Noticed Sigmund
  3394 | D:4      | Killed Sigmund
  3395 | D:4      | Reached skill level 10 in Axes
  3452 | D:4      | Found an iron altar of Okawaru.
  3819 | D:5      | Entered Level 5 of the Dungeon
  3849 | D:5      | Reached XP level 8. HP: 64/64 MP: 7/7
  3852 | D:5      | Noticed Blork the orc
  3862 | D:5      | Killed Blork the orc
  4309 | D:5      | Noticed Dowan
  4310 | D:5      | Noticed Duvessa
  4325 | D:5      | Killed Dowan
  4327 | D:5      | Killed Duvessa
  4328 | D:5      | Reached skill level 11 in Axes
  4455 | D:5      | Noticed Menkaure
  4462 | D:5      | Killed Menkaure
  4526 | D:5      | Found a staircase to the Ecumenical Temple.
  4544 | D:5      | Reached skill level 12 in Axes
  5263 | D:6      | Reached skill level 5 in Evocations
  5371 | D:6      | Reached XP level 9. HP: 70/70 MP: 8/8
  5615 | D:6      | Reached **** piety under Trog
  5616 | D:6      | Reached skill level 13 in Axes
  6719 | D:7      | Reached skill level 14 in Axes
  6729 | D:7      | Found a bloodstained altar of Trog.
  7076 | D:7      | Identified a scroll of acquirement
  7107 | D:8      | Noticed a troll
  7114 | D:8      | Killed a troll
  7304 | D:8      | Reached XP level 10. HP: 73/76 MP: 9/9
  7554 | D:8      | Found Zotauq's Weapon Shop.
  7721 | D:8      | Reached skill level 15 in Axes
  8197 | D:9      | Found a staircase to the Orcish Mines.
  8241 | D:9      | Reached ***** piety under Trog
  8490 | D:9      | Noticed a green ugly thing
  8518 | D:9      | Killed a green ugly thing
  8519 | D:9      | Reached skill level 16 in Axes
  8894 | D:10     | Entered Level 10 of the Dungeon
  8894 | D:10     | Noticed a two-headed ogre
  8899 | D:10     | Killed a two-headed ogre
  9128 | D:10     | Found a staircase to the Lair.
  9411 | D:10     | Noticed a manticore
  9422 | D:10     | Killed a manticore
  9423 | D:10     | Noticed a catoblepas
  9484 | D:10     | Mangled by a catoblepas

Illustrated notes

Levels and vault maps discovered:
D:1:      heliophobic_arrival_dark_side_of_the_moon, layout_basic
D:2:      layout_basic, shapermc_ecumenical_altar_notcrosses
D:3:      wad_river_or_something, layout_basic, zin_treasury,
          nicolae_overflow_hidden_temple, minmay_misc_feat_enclosed,
          uniq_grinder
D:4:      layout_basic, lemuel_tele_altar, st_stairs_2,
          amcnicky_mini_rare_corridor_liquid, eino_tiny_chamber, uniq_sigmund
D:5:      layout_cave_pods, minmay_temple_entry_butterflies,
          minmay_gold_behind_fungi, uniq_duvessa, uniq_blork_the_orc,
          uniq_menkaure
D:6:      layout_basic
D:7:      layout_loops_corners, serial_glass, glass_columns_c, glass_columns_a,
          glass_columns_a, glass_columns_a, glass_columns_a, glass_columns_b,
          minmay_ruined_shrine
D:8:      minmay_weird_star, layout_loops_ring, nicolae_take_the_stairs
D:9:      layout_long_grid, orc_0_dummy, kennysheep_generic_room_5
D:10:     nzn_motion_control, layout_rooms, lair_entry_dummy, lightli_minifort

Skill      XL: |  1  2  3  4  5  6  7  8  9 10 |
---------------+-------------------------------+-----
Axes           | 4 5 7 8 9 10 12 14 16 | 16.7
Evocations     | 1 2 3 5 6 8 |  8.3
Fighting       | |  3.6
Armour         | |  2.4
Dodging        | |  2.1

Action                   |  1- 3 |  4- 6 |  7- 9 | 10-12 || total
-------------------------+-------+-------+-------+-------++-------
Melee: Hand axe          |   113 |    90 |   313 |       ||   516
       Headbutt          |    13 |    14 |    57 |    20 ||   104
       Punch             |       |       |     2 |       ||     2
       War axe           |       |       |    21 |     8 ||    29
       Battleaxe         |       |       |       |    96 ||    96
Invok: Trog's Hand       |       |     1 |     4 |     2 ||     7
       Berserk           |       |       |     1 |     2 ||     3
  Use: Scroll            |       |       |    13 |       ||    13
       Potion            |       |       |       |     3 ||     3
Armor: Animal skin       |     1 |       |       |       ||     1
       Plate armour      |    60 |    46 |   138 |    67 ||   311
       Ring mail         |     3 |       |       |       ||     3
Dodge: Dodged            |    36 |    34 |   110 |    43 ||   223

Table legend: (Time is in decaauts)
 A = Elapsed time spent in this place.
 B = Non-inter-level travel time spent in this place.
 C = Inter-level travel time spent in this place.
 D = Time resting spent in this place.
 E = Time spent auto-exploring this place.
 F = Levels seen in this place.
 G = Mean time per level.
                   A        B        C        D        E       F      G
               +--------+--------+--------+--------+--------+-----+--------+
         Total |   9397 |   8827 |    570 |   1211 |   6219 |  10 |  939.7 |
       Dungeon |   9397 |   8827 |    570 |   1211 |   6219 |  10 |  939.7 |
               +--------+--------+--------+--------+--------+-----+--------+

Top non-repeatable levels by time:
     D:5: 1416 daAuts
     D:1: 1103 daAuts
     D:7: 1043 daAuts
     D:3: 973 daAuts
     D:2: 968 daAuts
     D:8: 963 daAuts
     D:9: 871 daAuts
     D:4: 767 daAuts
     D:6: 745 daAuts
    D:10: 545 daAuts
